 Dungeon Crawl Stone Soup version 0.18.1-8-gdd0e5ea (webtiles) character file.

15896 Scarto the Fighter (level 12, -10/97 HPs)
             Began as a Demonspawn Fighter on May 31, 2016.
             Killed from afar by Azrael (19 damage)
             ... with a fireball
             ... on level 13 of the Dungeon.
             The game lasted 00:25:30 (10058 turns).

Scarto the Fighter (Demonspawn Fighter)            Turns: 10058, Time: 00:25:32

Health: -10/97     AC: 23    Str: 20    XL:     12   Next: 5%
Magic:  13/13      EV:  3    Int:  5    God:
Gold:   853        SH: 17    Dex: 20    Spells: 0 memorised, 11 levels left

rFire  . . .     SeeInvis .     B - +11 rapier "Trog's Righteous Fury" {drain, rPois Int-5 Dex+4}
rCold  . . .     Gourm    .     u - +0 plate armour
rNeg   . . .     Faith    .     M - +0 large shield
rPois  +         Spirit   .     K - +1 hat {MR+}
rElec  .         Dismiss  .     (no cloak)
rCorr  .         Reflect  .     (no gloves)
SustAt +         Harm     .     (no boots)
MR     +++..                    (no amulet)
Stlth  ..........               (no ring)
                                F - ring "Goits" {SustAt MR++}

@: extremely resistant to hostile enchantments, extremely unstealthy
A: horns 2, talons 2, iridescent scales 3, agile 2, demonic guardian 1, high mp
1, poison resistance, spiny 1, weak 1
a: no special abilities


You were on level 13 of the Dungeon.
You were full.

You visited 1 branch of the dungeon, and saw 13 of its levels.
You also visited: Sewer.

You collected 853 gold pieces.

Inventory:

Hand Weapons
 B - the +11 rapier "Trog's Righteous Fury" (weapon) {drain, rPois Int-5 Dex+4}
   (You found it on level 6 of the Dungeon)

   A truly terrible weapon, it drains the life of those it strikes.
   It affects your intelligence (-5).
   It affects your dexterity (+4).
   It protects you from poison.
 I - a +1 war axe
Missiles
 n - 9 tomahawks (quivered)
 y - 6 javelins of returning
Armour
 u - a +0 plate armour (worn)
 K - a +1 hat of magic resistance (worn)
 M - a +0 large shield (worn)
Jewellery
 F - the ring "Goits" (left hand) {SustAt MR++}
   (You found it on level 11 of the Dungeon)

   [ring of sustain attributes]

   It sustains your strength, intelligence and dexterity.
   It affects your resistance to hostile enchantments.
Scrolls
 a - 2 scrolls of immolation
 b - 4 scrolls of remove curse
 h - 7 scrolls of teleportation
 j - 6 scrolls of magic mapping
 v - 2 scrolls of fog
 w - 4 scrolls of fear
Potions
 d - 4 potions of might
 e - 3 potions of lignification
 l - a potion of ambrosia
 r - 3 potions of cancellation
 s - 2 potions of haste
 x - a potion of magic
 z - 2 potions of agility
 A - a potion of resistance
 H - a potion of brilliance
 L - a potion of flight {unknown}
Books
 D - a book of the Earth

   Spells                             Type                      Level
   a - Leda's Liquefaction            Hexes/Earth                  4
   b - Bolt of Magma                  Conjuration/Fire/Earth       5
   c - Statue Form                    Transmutation/Earth          6
   d - Iron Shot                      Conjuration/Earth            6
   e - Shatter                        Earth                        9
Miscellaneous
 f - a sack of spiders
Comestibles
 m - 2 meat rations
 o - 3 beef jerkies
 p - 2 royal jellies
 q - 31 fruits
 t - 4 slices of pizza
 G - 2 chunks of flesh
 J - 2 bread rations


   Skills:
 + Level 10.0 Fighting
 + Level 7.2 Short Blades
 + Level 7.1(7.2) Axes
   Level 1.3(4.6) Maces & Flails
 + Level 9.2 Armour
 + Level 9.2 Shields


You had 11 spell levels left.
You didn't know any spells.

Dungeon Overview and Level Annotations

Branches:
Dungeon (13/15)            Temple (0/1) D:7            Lair (0/8) D:8
    Orc (0/2) D:10
 Vaults: D:13-14

Altars:
Ashenzari
Elyvilon
Kikubaaqudgha
Nemelex Xobeh
Okawaru
Pakellas
Vehumet
Yredelemnul
The Shining One

Shops:
D:4 =   D:5 =   D:8 }

Annotations:
D:13 exclusion: orange crystal statue, Azrael


Innate Abilities, Weirdness & Mutations

You have a pair of horns on your head.
You are completely covered in iridescent scales (AC +8).
A weak demonic guardian rushes to your aid.
You are partially covered in sharp spines.
You have razor-sharp toenails.
You are very agile. (Dex +4)
You have an increased reservoir of magic (+10% MP).
Your system is resistant to poisons.
You are weak. (Str -2)


Message History

You closely miss the hell hound.
You claw the hell hound, but do no damage.
Your headbutt misses the hell hound.
The hell hound is heavily wounded.
You block the hell hound's attack.
Your iron imp closely misses the hell hound.
You impale the hell hound!!
You kill the hell hound!
The centaur shoots an arrow.
You block the arrow.
Your iron imp hits Azrael.
You hit Azrael. You claw Azrael, but do no damage.
You headbutt Azrael, but do no damage.
Azrael is lightly wounded.
You block Azrael's attack.
You puncture Azrael! You claw Azrael, but do no damage.
You headbutt Azrael, but do no damage.
Azrael is lightly wounded.
Your iron imp hits Azrael.
Azrael gestures at you.
The fireball explodes!
The fireball engulfs you!
You die...

#.........#
#..........
#...........
#............
#............
#............ ###
#........8...
##.###........
#@.5##........
######R###........
##...c§§cc.........
##....c§(...........
.#.....(.()(.........
§§....)(((...........
§.$........>.........
.....................
.....................


You could see Azrael, 2 centaurs and a friendly iron imp.

Vanquished Creatures
  Gastronok (D:12)
  Erolcha (D:8)
  A centaur warrior (D:11)
  Erica (D:8)
  3 unseen horrors
  A hill giant (D:13)
  The ghost of manyhoops the Basher, a novice OgBe of Trog (D:5)
  A manticore (D:11)
  A centaur skeleton (D:10)
  A gargoyle (D:12)
  A tengu conjurer (D:11)
  2 trolls
  A two-headed ogre (D:12)
  A vampire (D:12)
  3 yaks (D:10)
  2 fire elementals (D:13)
  3 hippogriffs
  2 hungry ghosts (D:10)
  A steam dragon (D:12)
  3 mottled dragons
  A water moccasin (D:10)
  2 hell hounds (D:13)
  3 ice beasts (D:10)
  3 necrophages
  6 orc warriors
  3 sky beasts
  A wasp (D:12)
  An eye of draining (D:11)
  A phantom (D:7)
  8 centaurs
  2 ogres
  A crocodile (D:12)
  2 big kobolds (D:9)
  5 giant frogs
  2 scorpions
  10 killer bees
  11 wights
  2 howler monkeys
  8 crimson imps
  A quasit (D:6)
  A centaur zombie (D:7)
  5 hounds
  3 jellies
  A giant frog skeleton (D:11)
  7 orc priests
  11 orc wizards
  An iguana (D:4)
  11 worker ants
  3 hound zombies
  A howler monkey skeleton (D:9)
  13 adders
  4 river rats (Sewer)
  A shadow imp (D:11)
  An adder zombie (D:6)
  3 oozes
  An adder skeleton (D:8)
  A worm (D:4)
  2 dart slugs (D:3)
  8 giant geckos
  55 orcs
  9 ball pythons (Sewer)
  6 giant cockroaches
  6 goblins
  3 hobgoblins
  3 jackals (D:1)
  A quokka (D:5)
  4 bats
  17 giant newts
  16 kobolds
  25 rats
327 creatures vanquished.

Vanquished Creatures (collateral kills)
  3 centaurs
  2 giant frogs
  A scorpion (D:5)
  A killer bee (D:9)
  A wight (D:10)
  A crimson imp (D:9)
  An orc wizard (D:7)
  An iguana (D:9)
  2 orcs
13 creatures vanquished.

Vanquished Creatures (others)
  A worker ant (D:13)
1 creature vanquished.

Grand Total: 341 creatures vanquished

Notes
Turn   | Place    | Note
--------------------------------------------------------------
     0 | D:1      | Scarto the Demonspawn Fighter began the quest for the Orb.
     0 | D:1      | Reached XP level 1. HP: 18/18 MP: 1/1
   153 | D:1      | Gained mutation: You are partially covered in iridescent scales (AC +4). [demonic ancestry]
   153 | D:1      | Reached XP level 2. HP: 7/24 MP: 2/2
   888 | D:2      | Reached XP level 3. HP: 26/29 MP: 3/3
   917 | D:2      | Found a shattered altar of Ashenzari.
   959 | D:2      | Found an oddly glowing altar of Pakellas.
  1353 | D:2      | Gained mutation: You are partially covered in sharp spines. [demonic ancestry]
  1353 | D:2      | Reached XP level 4. HP: 29/35 MP: 4/4
  1655 | D:3      | Found an iron altar of Okawaru.
  2285 | D:4      | Gained mutation: A weak demonic guardian rushes to your aid. [demonic ancestry]
  2285 | D:4      | Reached XP level 5. HP: 35/42 MP: 5/5
  2384 | D:4      | Found a sparkling altar of Nemelex Xobeh.
  2432 | D:4      | Found a glowing drain.
  2436 | D:4      | Reached skill level 4 in Fighting
  2447 | Sewer    | Entered a sewer
  2666 | Sewer    | Reached XP level 6. HP: 40/48 MP: 6/6
  2933 | D:4      | Found Imuqoiha's Jewellery Boutique.
  3524 | D:5      | Entered Level 5 of the Dungeon
  3557 | D:5      | Reached XP level 7. HP: 55/55 MP: 7/7
  3592 | D:5      | Found a shattered altar of Ashenzari.
  3636 | D:5      | Found Akip's Jewellery Shoppe.
  3808 | D:5      | Reached skill level 5 in Fighting
  3813 | D:5      | Noticed manyhoops's ghost (novice OgBe)
  3825 | D:5      | Killed manyhoops's ghost
  3825 | D:5      | Reached skill level 5 in Shields
  3825 | D:5      | Reached XP level 8. HP: 41/63 MP: 8/8
  4067 | D:6      | Reached skill level 5 in Armour
  4314 | D:6      | Reached skill level 1 in Maces & Flails
  4490 | D:6      | Found a basalt altar of Yredelemnul.
  4508 | D:6      | Found a glowing golden altar of the Shining One.
  4590 | D:6      | Reached skill level 5 in Axes
  4599 | D:6      | Got a brightly glowing rapier
  4600 | D:6      | Identified the +11 rapier "Trog's Righteous Fury" {drain, rPois Int-5 Dex+4} (You found it on level 6 of the Dungeon)
  4722 | D:6      | Noticed an angel
  4747 | D:7      | Reached skill level 1 in Short Blades
  4800 | D:7      | Reached skill level 6 in Fighting
  5018 | D:7      | Gained mutation: You have a pair of small horns on your head. [demonic ancestry]
  5018 | D:7      | Reached XP level 9. HP: 66/71 MP: 9/9
  5055 | D:7      | Found a staircase to the Ecumenical Temple.
  5411 | D:8      | Noticed Erica
  5434 | D:8      | Killed Erica
  5494 | D:8      | Reached skill level 7 in Fighting
  5539 | D:8      | Found Lempises's Gadget Shoppe.
  5547 | D:8      | Found a staircase to the Lair.
  5917 | D:8      | Noticed Erolcha
  5927 | D:8      | Killed Erolcha
  5927 | D:8      | Gained mutation: You have a pair of horns on your head. [demonic ancestry]
  5927 | D:8      | Reached XP level 10. HP: 27/80 MP: 10/10
  6430 | D:8      | Found a white marble altar of Elyvilon.
  6431 | D:8      | Found an ancient bone altar of Kikubaaqudgha.
  6433 | D:8      | Found a radiant altar of Vehumet.
  6651 | D:9      | Reached skill level 8 in Fighting
  6846 | D:9      | Reached skill level 5 in Short Blades
  6887 | D:10     | Entered Level 10 of the Dungeon
  7218 | D:10     | Found a staircase to the Orcish Mines.
  7320 | D:10     | Gained mutation: You are agile. (Dex +2) [potion of mutation]
  7320 | D:10     | Gained mutation: You are weak. (Str -2) [potion of mutation]
  7320 | D:10     | Gained mutation: Your flesh is heat resistant. [potion of mutation]
  7807 | D:10     | Killed an unseen horror
  7807 | D:10     | Gained mutation: You are mostly covered in iridescent scales (AC +6). [demonic ancestry]
  7807 | D:10     | Reached XP level 11. HP: 51/87 MP: 11/11
  8130 | D:11     | Killed an unseen horror
  8130 | D:11     | Reached skill level 9 in Fighting
  8377 | D:11     | Noticed a centaur warrior
  8385 | D:11     | Killed a centaur warrior
  8527 | D:11     | Killed an unseen horror
  8531 | D:11     | Got a scorched bone ring
  8532 | D:11     | Identified the ring "Goits" {SustAt MR++} (You found it on level 11 of the Dungeon)
  9019 | D:11     | Gained mutation: You are very agile. (Dex +4) [mutagenic meat]
  9020 | D:11     | Gained mutation: Your system is resistant to poisons. [mutagenic meat]
  9021 | D:11     | Gained mutation: You have an increased reservoir of magic (+10% MP). [mutagenic meat]
  9022 | D:11     | Lost mutation: Your flesh is heat resistant. [mutagenic meat]
  9469 | D:12     | Gained mutation: You have sharp toenails. [mutagenic meat]
  9470 | D:12     | Gained mutation: You have razor-sharp toenails. [mutagenic meat]
  9471 | D:12     | Gained mutation: Armour fits poorly on your strangely shaped body. [mutagenic meat]
  9472 | D:12     | Lost mutation: Armour fits poorly on your strangely shaped body. [mutagenic meat]
  9619 | D:12     | Noticed Gastronok
  9635 | D:12     | Killed Gastronok
  9982 | D:13     | Noticed an orange crystal statue
 10019 | D:13     | Noticed a hill giant
 10026 | D:13     | Noticed Azrael
 10028 | D:13     | Killed a hill giant
 10028 | D:13     | Reached skill level 10 in Fighting
 10028 | D:13     | Gained mutation: You are completely covered in iridescent scales (AC +8). [demonic ancestry]
 10028 | D:13     | Reached XP level 12. HP: 90/97 MP: 13/13
 10037 | D:13     | HP: 4/97 [fire elemental[Azrael] (13)]
 10058 | D:13     | Killed from afar by Azrael

Skill      XL: |  1  2  3  4  5  6  7  8  9 10 11 |
---------------+----------------------------------+-----
Axes           | 2 3 4 5 7 |  7.1
Shields        | 3 4 5 6 7 8 9 |  9.2
Armour         | 3 4 5 7 8 9 |  9.2
Fighting       | 4 5 6 7 8 10 | 10.0
Maces & Flails | 1 |  1.3
Short Blades   | 2 4 5 7 |  7.2

Action                   |  1- 3 |  4- 6 |  7- 9 | 10-12 || total
-------------------------+-------+-------+-------+-------++-------
Melee: War axe           |   109 |    32 |       |       ||   141
       Broad axe         |       |   106 |    32 |       ||   138
       Rapier            |       |       |   128 |   335 ||   463
       Flail             |       |       |    39 |       ||    39
       Headbutt          |       |       |    19 |    84 ||   103
       Kick              |       |       |       |    30 ||    30
  Use: Scroll            |       |    13 |     4 |    10 ||    27
       Potion            |       |     1 |     3 |     6 ||    10
 Stab: Distracted        |       |       |     2 |     6 ||     8
  Eat: Bread ration      |       |     3 |       |     2 ||     5
       Chunk             |       |       |     3 |    11 ||    14
       Meat ration       |       |       |       |     3 ||     3
Armor: Scale mail        |    59 |       |       |       ||    59
       Plate armour      |     6 |    80 |   108 |   262 ||   456
Dodge: Dodged            |    42 |    16 |    41 |    52 ||   151
Block: Shield            |    58 |    91 |    91 |   206 ||   446
       Large shield      |       |       |       |    52 ||    52
